 Dungeon Crawl Stone Soup version 0.30-a0-55-g90e3122c3a (webtiles) character file.

Game seed: 16305264507486192395

119 Decritt the Slasher (level 4, -1/40 HPs)
             Began as a Minotaur Gladiator on Sept 10, 2022.
             Slain by an orc
             ... wielding a +0 flail
              (6 damage)
             ... on level 3 of the Dungeon.
             The game lasted 00:03:38 (2054 turns).

Decritt the Slasher (Minotaur Gladiator)            Turns: 2054, Time: 00:03:38

Health: -1/40      AC:  8    Str: 18    XL:     4   Next: 74%
Magic:  3/3        EV: 10    Int:  1    God:
Gold:   156        SH:  3    Dex: 14    Spells: 3/3 levels left

rFire   + + .      SeeInvis .    a - +0 long sword
rCold   . . .      Faith    .    u - +0 buckler
rNeg    + + .      Spirit   .    q - +1 scale mail of Vanounti {rF+ rN++ Int-4}
rPois   .          Reflect  .    c - +0 hat
rElec   .          Harm     .    k - +0 cloak
rCorr   .          Rampage  .    (no gloves)
Will    .....                    (no boots)
Stlth   ..........               (no amulet)
HPRegen 0.13/turn                t - ring of protection from fire
MPRegen 0.08/turn                (no ring)

@: no status effects
A: horns 2, retaliatory headbutt
a: no special abilities


You were on level 3 of the Dungeon.
You visited 1 branch of the dungeon, and saw 3 of its levels.

You collected 156 gold pieces.

Inventory:

Hand Weapons
 a - a +0 long sword (weapon)
Missiles
 d - 3 throwing nets (quivered)
 e - a javelin
Armour
 b - a +0 leather armour
 c - a +0 hat (worn)
 j - a +0 ring mail
 k - a +0 cloak (worn)
 q - the +1 scale mail of Vanounti (worn) {rF+ rN++ Int-4}
   (You found it on level 2 of the Dungeon)

   Int:       It affects your intelligence (-4).
   rF:        It protects you from fire.
   rN:        It greatly protects you from negative energy.
 u - a +0 buckler (worn)
Jewellery
 t - a ring of protection from fire (left hand)
Scrolls
 f - a scroll of fear {unknown}
 h - a scroll of teleportation {unknown}
 i - 3 scrolls of identify {unknown}
 l - a scroll of silence {unknown}
 r - a scroll of immolation {unknown}
 s - a scroll of vulnerability {unknown}
 v - a scroll of enchant weapon {unknown}
Potions
 g - a potion of curing {unknown}
 m - 2 potions of flight {unknown}
 n - a potion of invisibility {unknown}
 o - a potion of attraction {unknown}
 p - a potion of degeneration {unknown}
 w - a potion of might {unknown}
 x - a potion of haste {unknown}


   Skills:
 * Level 3.9 Fighting
 * Level 4.5 Long Blades
 + Level 2.5 Throwing
 + Level 1.7 Armour
 + Level 3.9 Dodging
 + Level 0.3 Shields


You had 3 spell levels left.
You didn't know any spells.
Your spell library contained the following spells:

 Spells                   Type           Power      Damage    Failure   Level
 Static Discharge         Conj/Air       0%         3-3/arc   99%         2
 Frozen Ramparts          Ice            0%         1d1       100%        3
 Portal Projectile        Hex/Tloc       0%         N/A       100%        3
 Tukima's Dance           Hex            0%         N/A       100%        3
 Ice Form                 Ice/Tmut       0%         N/A       100%        4
 Summon Ice Beast         Ice/Summ       0%         N/A       100%        4
 Blade Hands              Tmut           0%         N/A       100%        5
 Lightning Bolt           Conj/Air       0%         1d11      100%        5
 Maxwell's Capacitive Co  Air            0%         ∞         100%        8


Dungeon Overview and Level Annotations

Branches:
Dungeon (3/15)

Altars:
Dithmenos


Innate Abilities, Weirdness & Mutations

You have a pair of horns on your head.
You reflexively headbutt those who attack you in melee.


Message History

* * * LOW HITPOINT WARNING * * *
The orc hits you but does no damage.
The kobold hits the bush but does no damage.
The orc completely misses the bush.
The frilled lizard bites you.
* * * LOW HITPOINT WARNING * * *
You slash the orc priest!
The orc priest is severely wounded.
The orc priest barely misses you. The orc hits you with a +0 flail.
* * * LOW HITPOINT WARNING * * *
The orc hits the bush with a +0 falchion.
You block the frilled lizard's attack.
The kobold hits the bush with a +0 short sword.
The orc hits you but does no damage.
The kobold hits the bush but does no damage.
The orc priest hits you but does no damage.
The orc hits the bush but does no damage.
You block the frilled lizard's attack.
You barely miss the orc priest. You headbutt the orc priest.
You kill the orc priest!
The orc closely misses you. The frilled lizard barely misses you.
You furiously retaliate!
You headbutt the frilled lizard.
You kill the frilled lizard!
You are too injured to fight recklessly!
The orc attacks as you move away! The orc closely misses you.
The kobold throws a stone.
The stone hits you but does no damage. The orc attacks as you move away!
The orc hits you with a +0 falchion.
* * * LOW HITPOINT WARNING * * *
You are too injured to fight recklessly!
You are too injured to fight recklessly!
You are too injured to fight recklessly!
You are too injured to fight recklessly!
You slash the orc!
You kill the orc!
You barely miss the kobold.
The kobold hits you with a +0 short sword.
* * * LOW HITPOINT WARNING * * *
You slash the kobold!
You kill the kobold!
The orc hits you with a +0 flail.
You die...

## #. ######## #.
#####......#####. #
##...........#....
....##.....P...........
##......#@#.P♣.P♣P........
..P ♣P.P.o.P♣♣.♣P........ #
#P♣♣♣♣..##...._♣.........
#.#...♣♣.# #...PPP♣........
#...PP.P.# #..♣.♣.PP.......
#....$†..###..P............
♣P).....................
♣♣P)#.......##.....#....
♣P..#.....#######.######


You could see an orc.

Vanquished Creatures
  An orc priest (D:3)
  2 adders (D:2)
  A worm (D:2)
  3 dart slugs
  3 orcs (D:3)
  2 ball pythons
  7 bats
  6 endoplasms
  8 goblins
  2 hobgoblins (D:1)
  3 jackals (D:2)
  4 kobolds
  3 quokkas
  9 frilled lizards
  4 rats
58 creatures vanquished.

Vanquished Creatures (others)
  3 withered plants (D:3)
3 creatures vanquished.

Grand Total: 61 creatures vanquished

Notes
Turn   | Place    | Note
-------+----------+-------------------------------------------
     0 | D:1      | Decritt the Minotaur Gladiator began the quest for the Orb.
     0 | D:1      | Reached XP level 1. HP: 18/18 MP: 0/0
   100 | D:1      | Reached XP level 2. HP: 11/25 MP: 1/1
   826 | D:1      | Reached skill level 4 in Long Blades
  1068 | D:2      | Found a shadowy altar of Dithmenos.
  1091 | D:2      | Reached skill level 1 in Armour
  1091 | D:2      | Reached XP level 3. HP: 28/31 MP: 2/2
  1280 | D:2      | Identified the +1 robe of Good Intentions {rF- Will+
                  | Regen+}
  1556 | D:2      | Identified the +1 scale mail of Vanounti {rF+ rN++ Int-4}
  1781 | D:2      | Reached XP level 4. HP: 39/39 MP: 3/3
  2006 | D:3      | Found a faded altar of an unknown god.
  2054 | D:3      | Slain by an orc

Illustrated notes

Levels and vault maps discovered:
D:1:      lightli_arrival_chessboard, layout_loops_cross, minmay_tromino_i4
D:2:      minmay_chambers_of_twos, layout_rooms, basic_altar,
          hangedman_decor_slide_cut, minmay_vboxes
D:3:      layout_rooms, kiku_gazebo_garden_becter, led_sif_pool,
          dreamdust_ecumenical_altar_grove, serial_forest,
          infiniplex_forest_clump_double, infiniplex_forest_end_2,
          infiniplex_forest_clump_cross, infiniplex_forest_zigzag_1,
          infiniplex_forest_lined_corner, infiniplex_forest_clump_diagonal

Skill      XL: |  1  2 |
---------------+-------+-----
Fighting       | 3 |  3.9
Long Blades    | 4 |  4.5
Armour         | 1 |  1.7
Throwing       | |  2.5
Dodging        | |  3.9
Shields        | |  0.3

Action                   |  1- 3 |  4- 6 || total
-------------------------+-------+-------++-------
Melee: Long sword        |    94 |    22 ||   116
       Headbutt          |    10 |     4 ||    14
Armor: Leather armour    |    10 |       ||    10
       Ring mail         |    19 |       ||    19
       Scale mail        |    12 |    11 ||    23
Dodge: Dodged            |    76 |    14 ||    90
Block: Buckler           |       |     5 ||     5

Table legend: (Time is in decaauts)
 A = Elapsed time spent in this place.
 B = Non-inter-level travel time spent in this place.
 C = Inter-level travel time spent in this place.
 D = Time resting spent in this place.
 E = Time spent auto-exploring this place.
 F = Levels seen in this place.
 G = Mean time per level.
                   A        B        C        D        E       F      G
               +--------+--------+--------+--------+--------+-----+--------+
         Total |   2076 |   2038 |     38 |     65 |   1588 |   3 |  692.0 |
       Dungeon |   2076 |   2038 |     38 |     65 |   1588 |   3 |  692.0 |
               +--------+--------+--------+--------+--------+-----+--------+

Top non-repeatable levels by time:
     D:1: 1075 daAuts
     D:2: 860 daAuts
     D:3: 140 daAuts
